 Dungeon Crawl Stone Soup version 0.29-a0-219-g0a02b1cf4f (webtiles) character file.

Game seed: 1640190611903386456

4 soupdude the Ducker (level 1, 0/10 HPs)
             Began as a Felid Berserker on Feb 25, 2022.
             Was a Follower of Trog.
             Frozen to death by an endoplasm (5 damage)
             ... on level 1 of the Dungeon.
             The game lasted 00:01:12 (130 turns).

soupdude the Ducker (Felid Berserker)                Turns: 130, Time: 00:01:13

Health: 0/10       AC:  1    Str: 13    XL:     1   Next: 58%
Magic:  2/2        EV: 18    Int:  8    God:    Trog [*.....]
Gold:   14         SH:  0    Dex: 15    Spells: 0/0 levels left
                                        Lives:  0   Deaths: 0

rFire   . . .      SeeInvis +     - Unarmed
rCold   . . .      Faith    .   (shield unavailable)
rNeg    . . .      Spirit   .   (body armour unavailable)
rPois   .          Reflect  .   (helmet unavailable)
rElec   .          Harm     .   (cloak unavailable)
rCorr   .          Rampage  .   (gloves unavailable)
Will    .....                   (boots unavailable)
Stlth   +.........              (no amulet)
HPRegen 0.03/turn               (no ring)
MPRegen 0.08/turn               (no ring)

@: quick
A: very small, claws 1, fangs 3, see invisible, speed 1, shaggy fur 1, stealthy
paws, no weapons or thrown items, no armour, multi-lived
a: Renounce Religion, Berserk


You were on level 1 of the Dungeon.
You worshipped Trog.
Trog was aware of your devotion.
You visited 1 branch of the dungeon, and saw 1 of its levels.

You collected 14 gold pieces.

You aren't carrying anything.


   Skills:
 + Level 3.1 Fighting
 + Level 4.1 Dodging
 + Level 3.1 Unarmed Combat


You couldn't memorise any spells.
You didn't know any spells.
Your spell library was empty.

Dungeon Overview and Level Annotations

Branches:
Dungeon (1/15)

Altars:


Innate Abilities, Weirdness & Mutations

You have sharp claws.
You have razor-sharp teeth.
You have supernaturally acute eyesight. (SInv)
You cover ground quickly. (Speed+)
You are covered in fur. (AC +1)
Your paws help you pounce on unaware monsters.
You are incapable of wielding weapons or throwing items.
You cannot wear armour.
You gain extra lives every three experience levels.


Message History

Found 14 gold pieces.
The goblin shouts!
The goblin hits you with a +0 dagger.
* * * LOW HITPOINT WARNING * * *
You scratch the goblin.
You kill the goblin!
Trog accepts your kill.
Things that are here:
a +0 dagger; a goblin corpse
Things that are here:
a +0 dagger; a goblin corpse
Things that are here:
a +0 dagger; a goblin corpse You now have 14 gold pieces.
Things that are here:
a +0 dagger; a goblin corpse You open the door.
A rat comes into view.
There is an open door here.
A rat is nearby!
Found a scroll labelled FUMEYTHOMEK.
Found 18 gold pieces.
You see here 18 gold pieces.
The rat twitches its whiskers.
The rat bites you.
You scratch the rat.
You kill the rat!
Trog accepts your kill.
A rat comes into view.
You scratch the rat.
You kill the rat!
Trog accepts your kill.
An endoplasm comes into view.
Found a hand axe and a scroll labelled YGALUPPOWA.
Found a stone staircase leading down.
The endoplasm quivers.
The endoplasm freezes you.
You are frozen.
Ouch! That really hurt!
You die...

#### #######...
.........#
.........#
......?..#
.........# #
......J@.#.#
#######
.).......#.#####
......#
................
.r....#
#####....#.#####
'####.+
.........>#
8.##..#
####.##.###
.##...# #. #.#
##..########
#.##.#####
#..........#
#....#...


You could see an endoplasm.

Vanquished Creatures
  An endoplasm (D:1)
  A goblin (D:1)
  A kobold (D:1)
  2 rats (D:1)
5 creatures vanquished.

Notes
Turn   | Place    | Note
-------+----------+-------------------------------------------
     0 | D:1      | soupdude the Felid Berserker began the quest for the Orb.
     0 | D:1      | Reached XP level 1. HP: 10/10 MP: 2/2
   130 | D:1      | Frozen to death by an endoplasm

Illustrated notes

Levels and vault maps discovered:
D:1:      dpeg_arrival_tiny_b, layout_basic, hangedman_decor_opposing,
          grunt_decor_arrowhead

Action                   || total
-------------------------++-------
Melee: Unarmed           ||     7
       Bite              ||     2
       Punch             ||     1
Armor: Skin              ||     1
Dodge: Dodged            ||     3

Table legend: (Time is in decaauts)
 A = Elapsed time spent in this place.
 B = Non-inter-level travel time spent in this place.
 C = Inter-level travel time spent in this place.
 D = Time resting spent in this place.
 E = Time spent auto-exploring this place.
 F = Levels seen in this place.
 G = Mean time per level.
                   A        B        C        D        E       F      G
               +--------+--------+--------+--------+--------+-----+--------+
         Total |    105 |     59 |     46 |      0 |      0 |   1 |  105.0 |
       Dungeon |    105 |     59 |     46 |      0 |      0 |   1 |  105.0 |
               +--------+--------+--------+--------+--------+-----+--------+

Top non-repeatable levels by time:
     D:1: 105 daAuts
